Map: New Repugnancy LE

Players

Mez - Winner!

  • Race: Terran Terran
  • League: Master
  • Spawn Location: 1:00

Delaam

  • Race: Terran Terran
  • League: Master
  • Spawn Location: 7:00

VOD

Have the link to the VOD?

Description

Time

  • Played on: July 30, 2019, 12:43 p.m.
  • Length: 4:47
Show
View Real Time Build Order
Export as new Build Order

Mez Terran - Winner!

Build Orders: Reaper Expand 

Get SALT Encoding   

  12  0:01  SCV  
  13  0:13  SCV  
  14  0:19  Supply Depot  
  14  0:25  SCV  
  15  0:40  SCV  
  15  0:42  Barracks  
  16  0:45  Refinery  
  16  0:53  SCV  
  17  1:05  SCV  
  18  1:18  SCV  
  19  1:30  Reaper  
  19  1:31  Orbital Command  
  20  1:44  Command Center  
  20  1:56  Barracks  
  20  1:58  SCV  
  21  2:03  Barracks Reactor  
  21  2:11  Barracks  
  21  2:13  SCV  
  22  2:18  Supply Depot  
  22  2:33  SCV  
  23  2:40  Marine  
  23  2:41  Marine  
  25  2:45  SCV, Barracks Tech Lab  
  25  2:56  Orbital Command  
  25  2:57  SCV  
  26  3:02  Bunker  
  26  3:03  Marine x3  
  26  3:05  Marauder  
  31  3:06  Concussive Shells  
  31  3:09  SCV  
  32  3:19  Supply Depot  
  32  3:21  SCV  
  32  3:22  SCV  
  32  3:24  Marine x2  
  32  3:26  Marine  
  37  3:35  SCV x2, Marauder  
  41  3:46  Marine x2, Supply Depot  
  41  3:47  SCV x2, Marine  
  44  3:59  SCV  
  45  4:03  SCV, Marauder  
  45  4:07  Engineering Bay  
  46  4:11  SCV  
  44  4:24  Marine  
  39  4:25  Marine x2, Marauder  
  39  4:31  SCV x2  
  36  4:41  Factory  
  36  4:42  Refinery  
  36  4:45  Refinery  
Show
View Real Time Build Order
Export as new Build Order

Delaam Terran 

Build Orders:  

Get SALT Encoding   

  12  0:00  SCV  
  13  0:13  SCV  
  14  0:17  Supply Depot  
  14  0:25  SCV  
  14  0:28  Refinery  
  15  0:39  SCV  
  16  0:46  Barracks  
  16  0:52  SCV  
  16  0:55  Refinery  
  17  1:04  SCV  
  18  1:17  SCV  
  20  1:33  Barracks Reactor  
  20  1:35  Factory  
  20  1:41  Orbital Command  
  19  1:50  Barracks  
  19  2:00  Supply Depot  
  19  2:10  Reaper  
  19  2:11  Reaper  
  19  2:13  SCV  
  22  2:22  Hellion  
  24  2:28  Supply Depot  
  23  2:37  SCV  
  23  2:38  Reaper  
  23  2:49  SCV  
  23  2:54  Reaper x2  
  23  2:55  Hellion  
  27  3:01  SCV  
  28  3:10  Reaper  
  29  3:15  SCV  
  29  3:16  Supply Depot  
  29  3:17  Hellion  
  32  3:26  Reaper x2  
  34  3:30  SCV  
  35  3:39  Hellion  
  36  4:00  Reaper x2  
  36  4:01  Reaper  
Tags
 
Add a new tag
Caveats
  • Supply blocks, unpowered buildings, or Contaminate may cause inaccurate times.
  • Supply counts are checked every 10 seconds.